 Dungeon Crawl Stone Soup version 0.30-a0-760-g5a9884bb7c (webtiles) character file.

Game seed: 7647658074165961670

252 mopl the Insei (level 6, -2/42 HPs)
             Began as a Djinni Transmuter on Feb 10, 2023.
             Was a Priest of Dithmenos.
             Slain by a gnoll
             ... wielding a +0 whip
              (5 damage)
             ... on level 4 of the Dungeon.
             The game lasted 00:04:01 (2709 turns).

mopl the Insei (Djinni Transmuter)                  Turns: 2709, Time: 00:04:02

Health: -2/42      AC:  6    Str: 11    XL:     6   Next: 36%
Gold:   207        EV: 12    Int: 14    God:    Dithmenos [***...] SH:  0 Dex: 14

rFire   + + .      SeeInvis .      - Unarmed
rCold   x . .      Faith    .    (no shield)
rNeg    . . .      Spirit   .    a - +0 robe
rPois   ∞          Reflect  .    (no helmet)
rElec   .          Harm     .    (no cloak)
rCorr   .          Rampage  .    (no gloves)
Will    .....                    (boots unavailable)
Stlth   ++                       (no amulet)
HPRegen 0.27/turn                v - +4 ring of protection
MPRegen 0.00/turn                (no ring)

@: wereblooded, flying, wreathed by umbra
A: sickness immunity, fire resistance 2, cold vulnerability 1, float, innate
caster, HP casting, extra vitality 1
a: Renounce Religion, Shadow Step


You were on level 4 of the Dungeon.
You worshipped Dithmenos.
Dithmenos was most pleased with you.
You visited 1 branch of the dungeon, and saw 4 of its levels.

You collected 207 gold pieces.

Inventory:

Missiles
 k - 17 poisoned darts
 m - a throwing net
Armour
 a - a +0 robe (worn)
Jewellery
 h - a ring of fire
 v - a +4 ring of protection (left hand)
Wands
 s - a wand of iceblast (3)
Scrolls
 d - 2 scrolls of enchant weapon {unknown}
 e - 2 scrolls of enchant armour {unknown}
 i - 2 scrolls of teleportation {unknown}
 j - a scroll of blinking {unknown}
 l - a scroll of silence {unknown}
 n - a scroll of fear {unknown}
 p - 2 scrolls of poison {unknown}
 t - a scroll of noise {unknown}
 w - a scroll of vulnerability {unknown}
Potions
 b - a potion of lignification {!q}
 c - a potion of haste
 f - 2 potions of brilliance
 g - 2 potions of heal wounds
 o - 2 potions of curing
 q - a potion of magic {unknown}
 r - 2 potions of mutation {unknown}
 u - a potion of might {unknown}


   Skills:
 - Level 1.0 Fighting
 - Level 2.1 Dodging
 * Level 5.7 Unarmed Combat
 + Level 2.9 Spellcasting


You couldn't memorise any spells.
You knew the following spells:

 Your Spells              Type           Power      Damage    Failure   Level
a - Beastly Appendage     Tmut           20%        N/A       6%          1
b - Spider Form           Tmut/Pois      10%        N/A       19%         3
c - Momentum Strike       Conj/Tloc      20%        3d8       10%         2
d - Ice Form              Ice/Tmut       10%        N/A       54%         4
e - Freeze                Ice            40%        1d6       6%          1
w - Wereblood             Tmut           10%        N/A       10%         2
Your spell library was empty.

Dungeon Overview and Level Annotations

Branches:
Dungeon (4/15)
 Temple: D:4-7

Altars:
Dithmenos
Elyvilon
Okawaru

Annotations:
D:3 3 runed translucent doors, jazmu's ghost, amateur FoHs


Innate Abilities, Weirdness & Mutations

You are immune to sickness and miasma.
You are immune to poison.
Your flesh is very heat resistant. (rF++)
You are vulnerable to cold. (rC-)
You float through the air rather than walking.
You learn spells naturally, not from books.
Your magical power is your life essence.
You have superior vitality. (+4 MHP)


Message History

You punch the gnoll! You headbutt the gnoll.
You punch the gnoll, but do no damage.
The gnoll is almost dead.
Your transformation is almost over.
The gnoll barely misses you. The gnoll hits you but does no damage.
You hit the gnoll.
You feel a bit better.
You kill the gnoll!
Dithmenos accepts your kill.
You will now sometimes bleed smoke when heavily injured by enemies.
The gnoll throws a throwing net.
The throwing net closely misses you.
You hit the gnoll.
The gnoll is lightly wounded.
The gnoll hits you but does no damage.
The gnoll throws a throwing net.
The throwing net misses you.
Your magical contamination has completely faded away.
You barely miss the gnoll.
The gnoll is lightly wounded.
The gnoll hits you with a +0 club. Something hits you.
You hit the gnoll. You headbutt the gnoll.
The gnoll is severely wounded.
The gnoll barely misses you. Something hits you.
* * * LOW HITPOINT WARNING * * *
Items here: ( ))) [[[ †.
The gnoll attacks as you move away! The gnoll hits you with a +0 club.
* * * LOW HITPOINT WARNING * * *
You hit the gnoll.
The gnoll is severely wounded.
The gnoll barely misses you.
You hit the gnoll.
You feel a bit better.
You kill the gnoll!
Dithmenos accepts your kill.
You completely miss the gnoll. You headbutt the gnoll!
The gnoll is heavily wounded.
The gnoll hits you with a +0 whip.
* * * LOW HITPOINT WARNING * * *
You hit the gnoll.
The gnoll is almost dead.
Your horns disappear.
Something hits you.
You die...

#.........
#.........
#........ o
#......# ..
#......##.?.
#.........
######.....#
##..)##..<..#
#.).@).)....#
#....g......#
#...........#
#...........#
#...........#
#...(.......#
#...........#
#...........#


You could see a gnoll.

Vanquished Creatures
  An orc priest (D:3)
  An orc wizard (D:3)
  2 gnolls (D:4)
  6 adders
  4 worms
  A dart slug (D:3)
  11 orcs
  9 ball pythons
  8 endoplasms
  3 giant cockroaches (D:1)
  9 goblins
  4 hobgoblins
  4 jackals (D:3)
  A quokka (D:2)
  2 bats
  3 frilled lizards
  7 kobolds
  5 rats
81 creatures vanquished.

Vanquished Creatures (others)
  An orc wizard (D:4)
  4 plants (D:4)
5 creatures vanquished.

Grand Total: 86 creatures vanquished

Notes
Turn   | Place    | Note
-------+----------+-------------------------------------------
     0 | D:1      | mopl the Djinni Transmuter began the quest for the Orb.
     0 | D:1      | mopl set off with the following spells memorised: Beastly
                  | Appendage, Wereblood, Spider Form, Ice Form.
     0 | D:1      | Reached XP level 1. HP: 17/17 MP: 0/0
    30 | D:1      | Found a faded altar of an unknown god.
    49 | D:1      | Prayed at the altar of an unknown god.
    49 | D:1      | Became a worshipper of Dithmenos the Shadowed
    49 | D:1      | Reached * piety under Dithmenos
   136 | D:1      | Reached XP level 2. HP: 13/22 MP: 0/0
   523 | D:1      | Reached XP level 3. HP: 27/27 MP: 0/0
   523 | D:1      | Learned a level 1 spell: Freeze
   689 | D:2      | Reached skill level 2 in Spellcasting
   972 | D:2      | Reached skill level 4 in Unarmed Combat
   999 | D:2      | Reached ** piety under Dithmenos
  1339 | D:2      | Reached XP level 4. HP: 29/32 MP: 0/0
  1542 | D:3      | Found an iron altar of Okawaru.
  1678 | D:3      | Found a runed translucent gate.
  1679 | D:3      | Found a runed translucent gate.
  1679 | D:3      | Found a runed translucent gate.
  1680 | D:3      | Noticed jazmu's ghost (amateur FoHs)
  1770 | D:3      | Reached XP level 5. HP: 14/37 MP: 0/0
  1770 | D:3      | Learned a level 2 spell: Momentum Strike
  2063 | D:3      | Reached skill level 5 in Unarmed Combat
  2321 | D:3      | Found a white marble altar of Elyvilon.
  2531 | D:3      | Reached XP level 6. HP: 39/42 MP: 0/0
  2700 | D:4      | Reached *** piety under Dithmenos
  2709 | D:4      | Slain by a gnoll

Illustrated notes

Levels and vault maps discovered:
D:1:      minmay_arrival_solitary_statue, layout_loops_ring,
          hellmonk_ecumenical_altar_run_dry, chequers_serial_rivers_small_b
D:2:      layout_loops_ring
D:3:      minmay_door_path, layout_loops_corners, marbit_many_paths,
          mainiacjoe_overflow_boulevard, ebering_ghost_rock_garden,
          nicolae_half_adder
D:4:      layout_gridville, nicolae_grassy_gnolls

Skill      XL: |  1  2  3  4  5 |
---------------+----------------+-----
Spellcasting   | 2 |  2.9
Unarmed Combat | 4 5 |  5.7
Fighting       | |  1.0
Dodging        | |  2.1

Action                     |  1- 3 |  4- 6 || total
---------------------------+-------+-------++-------
  Melee: Unarmed           |   135 |   169 ||   304
         Punch             |     2 |     7 ||     9
         Headbutt          |     8 |    10 ||    18
   Cast: Beastly Appendage |    10 |    12 ||    22
         Wereblood         |       |     3 ||     3
         Spider Form       |       |     3 ||     3
         Momentum Strike   |       |     1 ||     1
    Use: Scroll            |     5 |       ||     5
   Stab: Sleeping          |     3 |     6 ||     9
 Armour: Robe              |    15 |    32 ||    47
         Skin              |       |     9 ||     9
  Dodge: Dodged            |    79 |   146 ||   225

Table legend: (Time is in decaauts)
 A = Elapsed time spent in this place.
 B = Non-inter-level travel time spent in this place.
 C = Inter-level travel time spent in this place.
 D = Time resting spent in this place.
 E = Time spent auto-exploring this place.
 F = Levels seen in this place.
 G = Mean time per level.
                   A        B        C        D        E       F      G
               +--------+--------+--------+--------+--------+-----+--------+
         Total |   2683 |   2622 |     61 |    301 |   1750 |   4 |  670.8 |
       Dungeon |   2683 |   2622 |     61 |    301 |   1750 |   4 |  670.8 |
               +--------+--------+--------+--------+--------+-----+--------+

Top non-repeatable levels by time:
     D:3: 1112 daAuts
     D:2: 856 daAuts
     D:1: 655 daAuts
     D:4: 59 daAuts
